 Dungeon Crawl Stone Soup version 0.22-a0-419-g492bfec (webtiles) character file.

119990 dstrtnsr the Cleaver (level 16, -1/129 HPs)
             Began as a Gnoll Berserker on May 15, 2018.
             Was a High Priest of Trog.
             Succumbed to a ghost moth's poison
             ... on level 4 of the Spider Nest.
             The game lasted 00:28:11 (21819 turns).

dstrtnsr the Cleaver (Gnoll Berserker)             Turns: 21819, Time: 00:28:11

Health: -1/129     AC: 25    Str: 27    XL:     16   Next: 81%
Magic:  1/30       EV: 12    Int: 14    God:    Trog [*****.]
Gold:   1218       SH: 19    Dex: 15    Spells: 36/36 levels left

rFire    . . .     SeeInvis +   a - +6 broad axe (elec)
rCold    . . .     Gourm    .   k - +0 large shield
rNeg     . . .     Faith    .   O - +0 plate armour
rPois    +         Spirit   .   v - +2 helmet {Int+3}
rElec    .         Reflect  .   g - +0 cloak
rCorr    .         Harm     .   h - +0 pair of gloves
MR       ++...                  n - +2 pair of boots
Stlth    ..........             t - amulet of regeneration
HPRegen  0.71/turn              i - ring of see invisible
MPRegen  0.22/turn              p - ring of poison resistance

@: lethally poisoned (-1 -> -24)
A: distributed training, fangs 1, magic resistance 1, strong 1, strong nose
a: Berserk, Trog's Hand, Brothers in Arms, Renounce Religion


You were on level 4 of the Spider Nest.
You worshipped Trog.
Trog was extremely pleased with you.
You were near starving.

You visited 3 branches of the dungeon, and saw 25 of its levels.

You collected 2228 gold pieces.
You spent 1010 gold pieces at shops.

Inventory:

Hand Weapons
 a - a +6 broad axe of electrocution (weapon)
 q - a +3 antimagic double sword
Missiles
 F - 3 throwing nets (quivered)
Armour
 g - a +0 cloak (worn)
 h - a +0 pair of gloves (worn)
 k - a +0 large shield (worn)
 n - a +2 pair of boots (worn)
 v - a +2 helmet of intelligence (worn)
 O - a +0 plate armour (worn)
Jewellery
 c - an uncursed ring of protection from cold
 f - an uncursed ring of protection from fire
 i - a ring of see invisible (left hand)
 p - a ring of poison resistance (right hand)
 t - an amulet of regeneration (around neck)
 A - an uncursed ring of resist corrosion
 R - an uncursed ring of protection from fire
 U - an uncursed ring of wizardry {unknown}
Wands
 C - a wand of acid (5) {@v3}
 D - a wand of disintegration (14) {@v2}
 E - a wand of enslavement (14) {@v5}
 I - a wand of iceblast (7)
 J - a wand of clouds (5) {@v1}
 M - a wand of polymorph (18)
 P - a wand of paralysis (10) {@v4}
 V - a wand of digging (28)
Scrolls
 b - 2 scrolls of identify {@r1}
 d - 10 scrolls of remove curse {@r2}
 j - 3 scrolls of magic mapping
 m - 6 scrolls of teleportation {!d}
 s - 2 scrolls of blinking
 y - 2 scrolls of immolation
 K - a scroll of brand weapon
 L - a scroll of holy word
 N - a scroll of fear
 S - 5 scrolls of fog
Potions
 l - 10 potions of curing {@q1}
 o - 4 potions of lignification
 r - 2 potions of resistance
 u - a potion of haste
 w - 2 potions of magic {unknown}
 x - 5 potions of flight
 z - 2 potions of brilliance
 B - a potion of agility
 G - 2 potions of heal wounds
 H - a potion of ambrosia
 Q - a potion of cancellation
 T - 2 potions of berserk rage
Comestibles
 e - 28 rations {!d}


   Skills:
 + Level 12.4 Fighting
 + Level 10.9 Short Blades
 + Level 10.9 Long Blades
 + Level 12.4 Axes
 + Level 10.9 Maces & Flails
 + Level 10.9 Polearms
 + Level 10.9 Staves
 + Level 10.9 Slings
 + Level 10.9 Bows
 + Level 10.9 Crossbows
 + Level 10.9 Throwing
 + Level 11.7 Armour
 + Level 11.7 Dodging
 + Level 10.9 Stealth
 + Level 10.9 Shields
 + Level 10.9 Unarmed Combat
 + Level 10.9 Spellcasting
 + Level 9.2 Conjurations
 + Level 9.2 Hexes
 + Level 9.2 Charms
 + Level 9.2 Summonings
 + Level 9.2 Necromancy
 + Level 9.2 Translocations
 + Level 9.2 Transmutations
 + Level 9.2 Fire Magic
 + Level 9.2 Ice Magic
 + Level 9.2 Air Magic
 + Level 9.2 Earth Magic
 + Level 9.2 Poison Magic
 + Level 11.8 Invocations
 + Level 10.9 Evocations


You had 36 spell levels left.
You didn't know any spells.
Your spell library was empty.

Dungeon Overview and Level Annotations

Branches:
Dungeon (15/15)            Temple (0/1) D:5            Lair (6/6) D:9
 Shoals (0/4) Lair:2       Spider (4/4) Lair:4          Orc (0/2) D:12
 Depths (0/5) D:15
  Slime: Lair:5-6    Vaults: D:13-14

Altars:
Elyvilon
Fedhas
Nemelex Xobeh
Okawaru
Ru
Uskayaw
Vehumet
Zin
Beogh
Jiyva

Shops:
D:8 !?*   D:14 =

Portals:
Trove: D:10 (give +6 fire dragon scales)

Annotations:
D:5 Grinder
D:14 1 transporter
Lair:5 1 runed door, exclusion: 4 oklob plants


Innate Abilities, Weirdness & Mutations

Your experience applies equally to all skills.
You have very sharp teeth.
Your uncanny sense of smell can sniff out nearby items.
You are resistant to hostile enchantments. (MR+)
Your muscles are strong. (Str +2)


Message History

Your troll's corpse disappears in a puff of smoke!
Your iron troll bites the emperor scorpion!
Your iron troll barely misses the emperor scorpion.
Your iron troll closely misses the emperor scorpion.
The emperor scorpion stings you!
* * * LOW HITPOINT WARNING * * *
The emperor scorpion claws you but does no damage.
You block the emperor scorpion's attack.
You closely miss the emperor scorpion. Your bite misses the emperor scorpion.
The emperor scorpion is heavily wounded.
Your iron troll bites the emperor scorpion!!
Your iron troll claws the emperor scorpion.
Your iron troll closely misses the emperor scorpion.
You block the emperor scorpion's attack.
The emperor scorpion claws you but does no damage. x2
You slash the emperor scorpion!
The emperor scorpion is almost dead.
You hit the ghost moth.
Lightning courses through the ghost moth!
You feel sick. The ghost moth stares at you.
You feel your power leaking away.
The ghost moth hits you but does no damage.
You block the ghost moth's attack.
The ghost moth stings you but does no damage.
Your iron troll misses the emperor scorpion.
Your iron troll claws the emperor scorpion!!
Your iron troll misses the emperor scorpion.
You block the emperor scorpion's attack.
The emperor scorpion claws you but does no damage. x2
You closely miss the emperor scorpion.
You bite the emperor scorpion, but do no damage.
The emperor scorpion is almost dead.
You hit the ghost moth. The ghost moth stares at you.
The ghost moth hits you but does no damage. x2
You block the ghost moth's attack.
Your iron troll bites the emperor scorpion!!
The emperor scorpion dies!
Trog accepts your kill. The ghost moth hits you.
* * * LOW HITPOINT WARNING * * *
The ghost moth hits you but does no damage.
You block the ghost moth's attack.
You see here an emperor scorpion corpse.
You hit the ghost moth but do no damage.
The ghost moth is lightly wounded.
The ghost moth stares at you.
You feel your power leaking away. You block the ghost moth's attack.
The ghost moth hits you.
* * * LOW HITPOINT WARNING * * *
The ghost moth stings you.
* * * LOW HITPOINT WARNING * * *
You are lethally poisoned!
The ghost moth poisons you! The ghost moth stares at you.
You block the ghost moth's attack. x2
The ghost moth stings you but does no damage.
You closely miss the ghost moth.
The ghost moth is lightly wounded.
* * * LOW HITPOINT WARNING * * *
You feel very sick.
The ghost moth hits you but does no damage.
You block the ghost moth's attack. The ghost moth stings you.
* * * LOW HITPOINT WARNING * * *
Your iron troll rages.
You hit the ghost moth.
The ghost moth is lightly wounded.
* * * LOW HITPOINT WARNING * * *
You feel very sick. The ghost moth stares at you.
You block the ghost moth's attack. x3
The ghost moth stares at you. The ghost moth barely misses you.
The ghost moth completely misses you.
The ghost moth stings you but does no damage.
You slash the ghost moth!
Lightning courses through the ghost moth!
The ghost moth is severely wounded.
* * * LOW HITPOINT WARNING * * *
You feel very sick.
Your iron troll rages.
You block the ghost moth's attack. x2
The ghost moth stings you but does no damage.
You slice the ghost moth!!
The ghost moth is almost dead.
* * * LOW HITPOINT WARNING * * *
You feel very sick.
The ghost moth hits you but does no damage.
You block the ghost moth's attack. x2
You slice the ghost moth!!
You kill the ghost moth!
Trog accepts your kill.
* * * LOW HITPOINT WARNING * * *
You feel very sick.
You enter the shallow water.
Moving in this stuff is going to be slow.
* * * LOW HITPOINT WARNING * * *
You feel very sick.
You see here a ghost moth corpse.
You die...

,* *,,,** **,,*,***
**,,,,,,,, ,* **,**
**,,** **,,,,*,, ,*
*,,* **** ######
**,,,,,, ,* **,**
##...≈# **,*,,*, ,*
*,,*
##.≈.≈.##*,,,,,,,
,* **,*
##...≈...#*,,,,,*,
,* *,*
#...††..≈#**,,,,,,
,* *,*
#.T.†###.##**,,,,,
,* *,*
#@††.#,#..#**,*,,,
,* *,*
#...##,#ss≈#*,,,,,
,** *,*
#.†.#≈,.s≈.#**,,,,
,,** *,**
#...#,..≈.≈#**,,,,
,,,* *,,*
#...#.......***,,,
,,,* **,*
##.†##s≈≈.≈≈.#***,,
,,,* *,*
#...#!≈≈≈.#.≈.* *,,
,,,* *,*
#...#.≈φ≈.##.≈#**,,
,,,* *,**
##.≈#,≈,≈,,*,,**,,,


You could see a friendly iron troll (berserk).

Vanquished Creatures
  Kirke (D:12)
  4 ghost moths
  3 emperor scorpions (Spider:4)
  3 entropy weavers
  Nessos (D:13)
  Azrael (D:12)
  A spark wasp (Spider:2)
  Snorg (D:10)
  The ghost of 4thArraOfDagon the Basher, a journeyman DgWr (D:15)
  Fannar (Lair:2)
  Erolcha (D:9)
  4 hydras
  4 centaur warriors
  7 death yaks
  5 two-headed ogres
  3 tengu warriors (D:15)
  Urug (D:12)
  A skeletal warrior (D:15)
  2 unseen horrors
  2 harpies (Spider:4)
  Pikel (D:8)
  A lindwurm (Lair:6)
  5 orb spiders
  A deep elf mage (D:15)
  A phantasmal warrior (D:15)
  12 ugly things
  2 manticores
  18 wolf spiders
  A moth of wrath (Spider:2)
  6 elephants (Lair:6)
  3 black mambas
  20 spiny frogs
  A torpor snail (Lair:6)
  3 gargoyles
  Psyche (D:11)
  An efreet (D:14)
  A freezing wraith (D:15)
  4 rime drakes
  2 demonic crawlers
  A kobold demonologist (D:12)
  7 komodo dragons
  A troll (shapeshifter) (D:15)
  5 tyrant leeches
  2 hornets
  13 jumping spiders
  2 trolls
  4 polar bears
  21 blink frogs
  6 hippogriffs
  4 dream sheep (Lair:4)
  A fire dragon zombie (D:15)
  A vampire (D:13)
  A spriggan skeleton (D:15)
  3 fire elementals (D:12)
  41 redbacks
  4 wyverns
  46 yaks
  12 tarantellas
  A wraith (D:11)
  A golden eye (Spider:4)
  A hog (D:12)
  A basilisk (Lair:2)
  Grum (D:8)
  8 vampire mosquitoes
  10 water moccasins
  A soldier ant (Spider:4)
  A human zombie (D:15)
  2 hell hounds (D:12)
  8 porcupines
  A sky beast (D:12)
  2 slaves (D:8)
  A black bear (Lair:4)
  A hornet zombie (D:15)
  5 ice beasts
  7 boggarts (D:15)
  An eye of draining (Spider:2)
  8 ogres
  7 orc warriors
  13 centaurs
  A necrophage (D:6)
  42 wolves
  3 phantoms
  6 crocodiles
  22 bullfrogs
  A gnoll sergeant (D:10)
  A yaktaur skeleton (D:15)
  6 scorpions
  The ghost of dstrtnsr the Ruffian, a weakling TrFi (D:3)
  20 wights
  9 howler monkeys
  8 crimson imps
  3 centaur zombies
  A quasit (D:9)
  A bullfrog zombie (D:12)
  5 jellies
  A bullfrog skeleton (D:6)
  9 orc priests
  6 centaur skeletons
  14 hounds
  2 iguanas
  Natasha (thrice) (D:3)
  12 worker ants
  15 orc wizards
  A hell rat (D:9)
  Terence (D:3)
  2 killer bee zombies
  A hound zombie (D:5)
  A hound skeleton (D:7)
  Robin (D:3)
  10 gnolls
  A howler monkey zombie (D:9)
  2 river rats (D:8)
  12 adders
  3 shadow imps
  2 oozes
  An adder skeleton (D:9)
  3 dart slugs
  6 leopard geckos
  92 orcs
  8 bats
  5 giant cockroaches
  15 goblins
  12 hobgoblins
  15 jackals
  2 quokkas
  2 ball pythons (D:3)
  8 frilled lizards
  9 kobolds
  2 leopard gecko skeletons (D:6)
  7 rats
  A butterfly (Lair:3)
  2 fungi
  8 plants
  A withered plant (D:15)
815 creatures vanquished.

Vanquished Creatures (collateral kills)
  3 emperor scorpions
  5 hydras
  Harold (Lair:2)
  2 two-headed ogres
  A skeletal warrior (D:15)
  A necromancer (D:15)
  2 wolf spiders
  An orb spider (Spider:1)
  A gargoyle (D:9)
  A spiny frog (Lair:6)
  A demonic crawler (Spider:3)
  A tyrant leech (Lair:6)
  2 jumping spiders (Spider:3)
  5 redbacks
  A vampire mosquito (Lair:6)
  2 fire elementals (D:12)
  A hell hound (D:12)
  A sky beast (D:9)
  2 boggarts (D:15)
  A bullfrog (Lair:1)
  2 adders (D:12)
37 creatures vanquished.

Vanquished Creatures (others)
  A ghost moth (Spider:4)
  A slave (D:8)
  2 humans (D:12)
  A hungry ghost (D:8)
  A sky beast (D:8)
  A centaur (D:8)
  A wight (D:12)
  A centaur skeleton (D:8)
  An adder (D:8)
  A bat (D:3)
  A rat (D:3)
  A bush (D:9)
  5 fungi
  46 plants
  A withered plant (D:15)
65 creatures vanquished.

Grand Total: 917 creatures vanquished

Notes
Turn   | Place    | Note
-------+----------+-------------------------------------------
     0 | D:1      | dstrtnsr the Gnoll Berserker began the quest for the Orb.
     0 | D:1      | Reached XP level 1. HP: 23/23 MP: 1/1
   183 | D:1      | Reached XP level 2. HP: 28/29 MP: 2/2
   534 | D:1      | Reached XP level 3. HP: 35/35 MP: 3/3
   536 | D:1      | Reached ** piety under Trog
   826 | D:1      | Reached skill level 1 in Invocations
   957 | D:2      | Reached skill level 1 in Short Blades
   957 | D:2      | Reached skill level 1 in Long Blades
   957 | D:2      | Reached skill level 1 in Maces & Flails
   957 | D:2      | Reached skill level 1 in Polearms
   957 | D:2      | Reached skill level 1 in Staves
   957 | D:2      | Reached skill level 1 in Slings
   957 | D:2      | Reached skill level 1 in Bows
   957 | D:2      | Reached skill level 1 in Crossbows
   957 | D:2      | Reached skill level 1 in Throwing
   957 | D:2      | Reached skill level 1 in Stealth
   957 | D:2      | Reached skill level 1 in Shields
   957 | D:2      | Reached skill level 1 in Unarmed Combat
   957 | D:2      | Reached skill level 1 in Spellcasting
   957 | D:2      | Reached skill level 1 in Evocations
   957 | D:2      | Reached XP level 4. HP: 38/41 MP: 5/5
   967 | D:2      | HP: 11/41 [orc priest/divine providence (14)]
   969 | D:2      | Reached skill level 1 in Conjurations
   969 | D:2      | Reached skill level 1 in Hexes
   969 | D:2      | Reached skill level 1 in Charms
   969 | D:2      | Reached skill level 1 in Summonings
   969 | D:2      | Reached skill level 1 in Necromancy
   969 | D:2      | Reached skill level 1 in Translocations
   969 | D:2      | Reached skill level 1 in Transmutations
   969 | D:2      | Reached skill level 1 in Fire Magic
   969 | D:2      | Reached skill level 1 in Ice Magic
   969 | D:2      | Reached skill level 1 in Air Magic
   969 | D:2      | Reached skill level 1 in Earth Magic
   969 | D:2      | Reached skill level 1 in Poison Magic
  1267 | D:2      | Reached XP level 5. HP: 45/47 MP: 6/6
  1834 | D:3      | Reached *** piety under Trog
  1911 | D:3      | Noticed Terence
  1924 | D:3      | Killed Terence
  2008 | D:3      | Noticed dstrtnsr's ghost (weakling TrFi)
  2022 | D:3      | HP: 27/70 [dstrtnsr's ghost (14)]
  2023 | D:3      | Killed dstrtnsr's ghost
  2023 | D:3      | Reached XP level 6. HP: 30/53 MP: 8/8
  2348 | D:3      | Noticed Robin
  2362 | D:3      | Reached skill level 5 in Armour
  2362 | D:3      | Reached skill level 5 in Dodging
  2363 | D:3      | Killed Robin
  2463 | D:3      | Noticed Natasha
  2469 | D:3      | Killed Natasha
  2469 | D:3      | Reached **** piety under Trog
  2489 | D:3      | Noticed Natasha
  2582 | D:3      | Killed Natasha
  2633 | D:3      | Found a white marble altar of Elyvilon.
  2679 | D:3      | Noticed Natasha
  2690 | D:3      | Killed Natasha
  3049 | D:4      | Reached XP level 7. HP: 59/59 MP: 10/10
  3454 | D:4      | Found a sand-covered staircase.
  3923 | D:4      | Found a radiant altar of Vehumet.
  3929 | D:4      | Found a sacrificial altar of Ru.
  3932 | D:4      | Found a hide-covered altar of Uskayaw.
  4185 | D:5      | Entered Level 5 of the Dungeon
  4531 | D:5      | Reached XP level 8. HP: 67/67 MP: 12/12
  4809 | D:5      | Found a staircase to the Ecumenical Temple.
  4833 | D:5      | You fall through a shaft!
  4833 | D:6      | Found an iron altar of Okawaru.
  5200 | D:7      | Found a sparkling altar of Nemelex Xobeh.
  5445 | D:7      | Noticed a hippogriff
  5460 | D:7      | Killed a hippogriff
  5972 | D:6      | Reached XP level 9. HP: 66/72 MP: 14/14
  6205 | D:6      | Reached ***** piety under Trog
  6218 | D:6      | Received a gift from Trog
  6847 | D:6      | Found a glowing silver altar of Zin.
  6919 | D:5      | Found a blossoming altar of Fedhas.
  6919 | D:5      | Noticed Grinder
  7027 | D:8      | Noticed Pikel
  7036 | D:8      | Killed Pikel
  7062 | D:8      | Paralysed by fainting for 6 turns
  7148 | D:8      | Reached skill level 5 in Invocations
  7165 | D:8      | Found Myvofac's Assorted Antiques.
  7170 | D:8      | Bought a scroll of blinking for 165 gold pieces
  7170 | D:8      | Bought an amethyst potion for 19 gold pieces
  7170 | D:8      | Bought a scroll of teleportation for 66 gold pieces
  7260 | D:8      | Found Puluax's Magic Scroll Shoppe.
  7296 | D:8      | Noticed Grum
  7306 | D:8      | Killed Grum
  7320 | D:8      | Reached XP level 10. HP: 65/80 MP: 17/17
  7394 | D:8      | Noticed a two-headed ogre
  7398 | D:8      | Killed a two-headed ogre
  7398 | D:8      | Reached skill level 5 in Short Blades
  7398 | D:8      | Reached skill level 5 in Long Blades
  7398 | D:8      | Reached skill level 5 in Maces & Flails
  7398 | D:8      | Reached skill level 5 in Polearms
  7398 | D:8      | Reached skill level 5 in Staves
  7398 | D:8      | Reached skill level 5 in Slings
  7398 | D:8      | Reached skill level 5 in Bows
  7398 | D:8      | Reached skill level 5 in Crossbows
  7398 | D:8      | Reached skill level 5 in Throwing
  7398 | D:8      | Reached skill level 5 in Stealth
  7398 | D:8      | Reached skill level 5 in Shields
  7398 | D:8      | Reached skill level 5 in Unarmed Combat
  7398 | D:8      | Reached skill level 5 in Spellcasting
  7398 | D:8      | Reached skill level 5 in Evocations
  7680 | D:8      | Found Hidghej's Distillery.
  7726 | D:8      | Bought a potion of heal wounds for 50 gold pieces
  7726 | D:8      | Bought a potion of curing for 30 gold pieces
  7726 | D:8      | Bought a potion of heal wounds for 50 gold pieces
  7957 | D:9      | Noticed a two-headed ogre
  7969 | D:9      | Killed a two-headed ogre
  8071 | D:9      | Received a gift from Trog
  8077 | D:9      | Noticed a two-headed ogre
  8078 | D:9      | Noticed a two-headed ogre
  8120 | D:8      | Killed a two-headed ogre
  8282 | D:9      | Reached XP level 11. HP: 87/87 MP: 19/19
  8284 | D:9      | Killed a two-headed ogre
  8305 | D:9      | Noticed a death yak
  8308 | D:9      | Noticed a death yak
  8309 | D:9      | Noticed a death yak
  8351 | D:8      | Killed a death yak
  8351 | D:8      | Reached skill level 5 in Conjurations
  8351 | D:8      | Reached skill level 5 in Hexes
  8351 | D:8      | Reached skill level 5 in Charms
  8351 | D:8      | Reached skill level 5 in Summonings
  8351 | D:8      | Reached skill level 5 in Necromancy
  8351 | D:8      | Reached skill level 5 in Translocations
  8351 | D:8      | Reached skill level 5 in Transmutations
  8351 | D:8      | Reached skill level 5 in Fire Magic
  8351 | D:8      | Reached skill level 5 in Ice Magic
  8351 | D:8      | Reached skill level 5 in Air Magic
  8351 | D:8      | Reached skill level 5 in Earth Magic
  8351 | D:8      | Reached skill level 5 in Poison Magic
  8421 | D:8      | Killed a death yak
  8422 | D:8      | HP: 50/133 [death yak (9)]
  8429 | D:8      | Killed a death yak
  8531 | D:9      | HP: 27/89 [gargoyle/mace (11)]
  8798 | D:9      | Noticed Erolcha
  8815 | D:9      | Killed Erolcha
  9027 | D:9      | Found a staircase to the Lair.
  9175 | D:10     | Entered Level 10 of the Dungeon
  9215 | D:10     | Found a roughly hewn altar of Beogh.
  9219 | D:10     | Gained mutation: You are resistant to hostile enchantments. (MR+) [potion of mutation]
  9219 | D:10     | Gained mutation: Your muscles are strong. (Str +2) [potion of mutation]
  9344 | D:10     | Noticed Snorg
  9359 | D:10     | Killed Snorg
  9514 | D:10     | Reached XP level 12. HP: 96/96 MP: 22/22
  9529 | D:10     | Found a portal to a secret trove of treasure.
 10001 | Lair:1   | Entered Level 1 of the Lair of Beasts
 10055 | Lair:1   | Received a gift from Trog
 10152 | Lair:1   | Noticed a four-headed hydra
 10160 | Lair:1   | Killed a seven-headed hydra
 10199 | Lair:1   | Noticed a four-headed hydra
 10228 | Lair:1   | Killed an 11-headed hydra
 10510 | Lair:1   | Noticed an eight-headed hydra
 10515 | Lair:1   | Killed an eight-headed hydra
 11220 | D:8      | Bought a scroll of brand weapon for 240 gold pieces
 11220 | D:8      | Bought a scroll of enchant weapon for 90 gold pieces
 11420 | Lair:2   | Found a staircase to the Shoals.
 11458 | Lair:2   | Noticed Fannar
 11479 | Lair:2   | Killed Fannar
 11479 | Lair:2   | Reached skill level 10 in Fighting
 11479 | Lair:2   | Reached skill level 10 in Axes
 11515 | Lair:2   | Noticed Harold
 11525 | Lair:2   | Killed Harold
 11946 | Lair:2   | Received a gift from Trog
 11946 | Lair:2   | Reached XP level 13. HP: 101/103 MP: 24/24
 13315 | Lair:4   | Received a gift from Trog
 13640 | Lair:4   | Found a hole to the Spider Nest.
 14449 | Lair:5   | Found a runed door.
 14449 | Lair:5   | Found a viscous altar of Jiyva.
 14917 | Lair:5   | Reached XP level 14. HP: 111/111 MP: 26/26
 15247 | Lair:6   | Entered Level 6 of the Lair of Beasts
 15383 | Lair:6   | Reached skill level 10 in Armour
 15383 | Lair:6   | Reached skill level 10 in Dodging
 16084 | Lair:6   | Received a gift from Trog
 16084 | Lair:6   | Reached skill level 10 in Invocations
 16193 | Lair:6   | HP: 44/113 [yak (5)]
 17058 | D:11     | Noticed Psyche
 17065 | D:11     | Killed Psyche
 17246 | D:12     | Found a staircase to the Orcish Mines.
 17267 | D:12     | Received a gift from Trog
 17364 | D:12     | Noticed Azrael
 17405 | D:12     | Killed Azrael
 17557 | D:12     | Received a gift from Trog
 17770 | D:12     | Noticed Kirke
 17773 | D:12     | Noticed Urug
 17787 | D:12     | Killed Kirke
 17792 | D:12     | Reached XP level 15. HP: 119/119 MP: 28/28
 17795 | D:12     | Killed Urug
 18139 | D:13     | Noticed Nessos
 18152 | D:13     | Killed Nessos
 18610 | D:14     | Received a gift from Trog
 18622 | D:14     | Found a transporter.
 18693 | D:14     | Found Meubank's Jewellery Emporium.
 18708 | D:14     | Got a jewelled large shield
 18719 | D:14     | Identified the cursed -7 large shield of the Blind Marksman {rCorr} (You found it on level 14 of the Dungeon)
 18743 | D:14     | Bought an uncursed ring of poison resistance for 300 gold pieces
 19174 | D:15     | Entered Level 15 of the Dungeon
 19177 | D:15     | Found a staircase to the Depths.
 19189 | D:15     | Reached ****** piety under Trog
 19198 | D:15     | Noticed 4thArraOfDagon's ghost (journeyman DgWr)
 19216 | D:15     | Killed 4thArraOfDagon's ghost
 19225 | D:15     | Received a gift from Trog
 19521 | D:15     | Received a gift from Trog
 19683 | D:15     | Reached skill level 10 in Short Blades
 19683 | D:15     | Reached skill level 10 in Long Blades
 19683 | D:15     | Reached skill level 10 in Maces & Flails
 19683 | D:15     | Reached skill level 10 in Polearms
 19683 | D:15     | Reached skill level 10 in Staves
 19683 | D:15     | Reached skill level 10 in Slings
 19683 | D:15     | Reached skill level 10 in Bows
 19683 | D:15     | Reached skill level 10 in Crossbows
 19683 | D:15     | Reached skill level 10 in Throwing
 19683 | D:15     | Reached skill level 10 in Stealth
 19683 | D:15     | Reached skill level 10 in Shields
 19683 | D:15     | Reached skill level 10 in Unarmed Combat
 19683 | D:15     | Reached skill level 10 in Spellcasting
 19683 | D:15     | Reached skill level 10 in Evocations
 20458 | Spider:1 | Entered Level 1 of the Spider Nest
 20716 | Spider:2 | HP: 72/180 [poisoned by a wolf spider]
 20721 | Spider:2 | HP: 46/120 [poisoned by a wolf spider]
 20726 | Spider:2 | HP: 47/120 [poisoned by a wolf spider]
 20760 | Spider:2 | Reached XP level 16. HP: 77/127 MP: 30/30
 20830 | Spider:3 | HP: 48/127 [redback (4)]
 20834 | Spider:3 | HP: 20/127 [jumping spider (10)]
 20834 | Spider:3 | HP: 9/127 [wolf spider (2)]
 20909 | Spider:2 | Received a gift from Trog
 21143 | Spider:4 | Entered Level 4 of the Spider Nest
 21265 | Spider:4 | Received a gift from Trog
 21520 | Spider:4 | HP: 76/190 [poisoned by a redback]
 21798 | Spider:4 | HP: 46/129 [emperor scorpion (6)]
 21803 | Spider:4 | HP: 36/129 [poisoned by an emperor scorpion]
 21809 | Spider:4 | HP: 33/129 [poisoned by an emperor scorpion]
 21814 | Spider:4 | HP: 18/129 [poisoned by a ghost moth]
 21817 | Spider:4 | HP: 6/129 [poisoned by a ghost moth]
 21818 | Spider:4 | HP: 1/129 [poisoned by a ghost moth]
 21819 | Spider:4 | Succumbed to a ghost moth's poison

Vault maps used:
D:1:      evilmike_arrival_plus
D:2:      first_ration, st_stairs_6, grunt_ministairs_2
D:3:      elyvilon_altar_4, kennysheep_generic_room_10, uniq_robin,
          uniq_terence, uniq_natasha
D:4:      grunt_temple_overflow_diamond, enter_ossuary_5,
          minmay_misc_feat_plants, cheibrodos_gnoll_hut
D:5:      temple_fountains, fedhas_altar_3, uniq_grinder
D:6:      nicolae_overflow_hidden_temple, kennysheep_little_box
D:7:      lemuel_doored_altar
D:8:      serial_shops, nicolae_shop_overgrown_old_shop, shop,
          nicolae_shop_trees, uniq_pikel, uniq_grum
D:9:      dpeg_lair_monsters, serial_park, serial_park_square3,
          serial_park_square3, serial_park_gazebo, uniq_erolcha
D:10:     special_room, nicolae_trove_entry_crossroad, uniq_snorg
D:11:     uniq_psyche
D:12:     hiddenorc2_lemuel, lab_entry_generic, uniq_urug, uniq_azrael,
          uniq_kirke
D:13:     uniq_nessos
D:14:     gammafunk_the_bubble, david_vaults_5, serial_shops, shop_statue
D:15:     gammafunk_depths_entry_grave, grunt_tough_drop
Lair:1:   hangedman_lair_generics_rect
Lair:2:   beast_lair_carwin_large_3, minmay_shoals_entry_beasts, ldierk_geyser,
          uniq_fannar, uniq_harold
Lair:3:   lemuel_fruit_fields
Lair:4:   nicolae_spider_entry_orb_guardian, enter_volcano_2, st_stairs_8
Lair:5:   slime_altar_2, grunt_forest_large_clearings, grunt_megastairs_3,
          minmay_lair_oklob_chamber, lemuel_fruit_tree
Lair:6:   minmay_lair_end_frog_pond, portal_ice_cave_rime
Spider:3: worms_lemuel, uniq_arachne
Spider:4: grunt_spider_rune_circles, nicolae_orb_island

Skill      XL: |  1  2  3  4  5  6  7  8  9 10 11 12 13 14 15 16 |
---------------+-------------------------------------------------+-----
Invocations    | 1 2 3 4 5 6 7 8 9 10 11 | 11.8
Short Blades   | 1 2 3 4 5 6 7 8 9 10 | 10.9
Long Blades    | 1 2 3 4 5 6 7 8 9 10 | 10.9
Maces & Flails | 1 2 3 4 5 6 7 8 9 10 | 10.9
Polearms       | 1 2 3 4 5 6 7 8 9 10 | 10.9
Staves         | 1 2 3 4 5 6 7 8 9 10 | 10.9
Slings         | 1 2 3 4 5 6 7 8 9 10 | 10.9
Bows           | 1 2 3 4 5 6 7 8 9 10 | 10.9
Crossbows      | 1 2 3 4 5 6 7 8 9 10 | 10.9
Throwing       | 1 2 3 4 5 6 7 8 9 10 | 10.9
Stealth        | 1 2 3 4 5 6 7 8 9 10 | 10.9
Shields        | 1 2 3 4 5 6 7 8 9 10 | 10.9
Unarmed Combat | 1 2 3 4 5 6 7 8 9 10 | 10.9
Spellcasting   | 1 2 3 4 5 6 7 8 9 10 | 10.9
Evocations     | 1 2 3 4 5 6 7 8 9 10 | 10.9
Conjurations   | 1 2 3 4 5 6 7 8 9 |  9.2
Hexes          | 1 2 3 4 5 6 7 8 9 |  9.2
Charms         | 1 2 3 4 5 6 7 8 9 |  9.2
Summonings     | 1 2 3 4 5 6 7 8 9 |  9.2
Necromancy     | 1 2 3 4 5 6 7 8 9 |  9.2
Translocations | 1 2 3 4 5 6 7 8 9 |  9.2
Transmutations | 1 2 3 4 5 6 7 8 9 |  9.2
Fire Magic     | 1 2 3 4 5 6 7 8 9 |  9.2
Ice Magic      | 1 2 3 4 5 6 7 8 9 |  9.2
Air Magic      | 1 2 3 4 5 6 7 8 9 |  9.2
Earth Magic    | 1 2 3 4 5 6 7 8 9 |  9.2
Poison Magic   | 1 2 3 4 5 6 7 8 9 |  9.2
Armour         | 5 6 7 8 9 10 11 | 11.7
Dodging        | 5 6 7 8 9 10 11 | 11.7
Fighting       | 7 8 9 10 11 12 | 12.4
Axes           | 7 8 9 10 11 12 | 12.4

Action                   |  1- 3 |  4- 6 |  7- 9 | 10-12 | 13-15 | 16-18 || total
-------------------------+-------+-------+-------+-------+-------+-------++-------
Melee: Hand axe          |    82 |   135 |    52 |       |       |       ||   269
       Bite              |     6 |    16 |    56 |   107 |   159 |    66 ||   410
       Unarmed           |       |     2 |       |       |       |       ||     2
       War axe           |       |       |   387 |   548 |       |       ||   935
       Broad axe         |       |       |       |    66 |  1049 |   337 ||  1452
Invok: Berserk           |       |     3 |     2 |    15 |     9 |     3 ||    32
       Trog's Hand       |       |     1 |       |     4 |     5 |     5 ||    15
       Brothers in Arms  |       |       |       |     6 |     8 |     4 ||    18
Evoke: Wand              |       |       |       |       |     3 |    12 ||    15
  Use: Scroll            |       |       |    11 |    12 |    17 |     1 ||    41
       Potion            |       |       |       |     2 |     1 |     7 ||    10
 Stab: Sleeping          |     2 |     4 |       |       |       |       ||     6
       Paralysed         |       |       |       |       |     2 |       ||     2
       Distracted        |       |       |       |       |     1 |       ||     1
  Eat: Ration            |       |     1 |     3 |     2 |     3 |     1 ||    10
       Chunk             |       |     6 |    14 |    27 |    34 |     5 ||    86
Armor: Animal skin       |    17 |    15 |     1 |       |       |       ||    33
       Chain mail        |       |       |   118 |       |       |       ||   118
       Plate armour      |       |       |    79 |   321 |   583 |   308 ||  1291
Dodge: Dodged            |    52 |    53 |   120 |   175 |   373 |   200 ||   973
Block: Shield            |       |    48 |    64 |       |       |       ||   112
       Large shield      |       |       |   270 |   705 |  1166 |   544 ||  2685

Table legend:
 A = Spawn XP
 B = Non-spawn XP
 C = Spawn XP percentage of total XP
 D = Spawn monster count
 E = Non-spawn monster count
 F = Spawn count percentage of total count
 G = Total turns spent on level
                    A         B        C        D         E        F      G
               +---------+---------+-------+---------+---------+-------+---------
         Total |       0 |  171415 |   0.0 |       0 |     840 |   0.0 | 21819
               +---------+---------+-------+---------+---------+-------+---------
           D:1 |       0 |      66 |   0.0 |       0 |      35 |   0.0 |   925
           D:2 |       0 |     139 |   0.0 |       0 |      21 |   0.0 |   879
           D:3 |       0 |     384 |   0.0 |       0 |      46 |   0.0 |  1299
           D:4 |       0 |     341 |   0.0 |       0 |      13 |   0.0 |  1082
           D:5 |       0 |     467 |   0.0 |       0 |       8 |   0.0 |   709
           D:6 |       0 |    1009 |   0.0 |       0 |      30 |   0.0 |  1016
           D:7 |       0 |     869 |   0.0 |       0 |      17 |   0.0 |  1117
           D:8 |       0 |    7431 |   0.0 |       0 |      39 |   0.0 |  1322
           D:9 |       0 |    5207 |   0.0 |       0 |      54 |   0.0 |   970
          D:10 |       0 |    3003 |   0.0 |       0 |      51 |   0.0 |   831
          D:11 |       0 |    4194 |   0.0 |       0 |      29 |   0.0 |   815
          D:12 |       0 |    7907 |   0.0 |       0 |      68 |   0.0 |   701
          D:13 |       0 |    3858 |   0.0 |       0 |      17 |   0.0 |   652
          D:14 |       0 |    3829 |   0.0 |       0 |      11 |   0.0 |   616
          D:15 |       0 |   20999 |   0.0 |       0 |      54 |   0.0 |  1051
        Lair:1 |       0 |    8485 |   0.0 |       0 |      33 |   0.0 |  1295
        Lair:2 |       0 |    5241 |   0.0 |       0 |      24 |   0.0 |  1032
        Lair:3 |       0 |    2353 |   0.0 |       0 |       8 |   0.0 |   804
        Lair:4 |       0 |   10373 |   0.0 |       0 |      32 |   0.0 |  1186
        Lair:5 |       0 |    9426 |   0.0 |       0 |      52 |   0.0 |  1053
        Lair:6 |       0 |   20798 |   0.0 |       0 |      71 |   0.0 |  1103
      Spider:1 |       0 |    6040 |   0.0 |       0 |      21 |   0.0 |   168
      Spider:2 |       0 |    9373 |   0.0 |       0 |      17 |   0.0 |   439
      Spider:3 |       0 |    8074 |   0.0 |       0 |      24 |   0.0 |    78
      Spider:4 |       0 |   31549 |   0.0 |       0 |      65 |   0.0 |   676
               +---------+---------+-------+---------+---------+-------+---------
